TOP OF THE 1ST |
Albuquerque Isotopes batting - Pitching for District 9 Prawns : RHP Isaac Pope
|
Pitching: RHP Isaac Pope
|
|
Batting: LHB Wally Harris
|
0-0: Called Strike 0-1: Called Strike 0-2: Ball 1-2: Ball 2-2: Foul Ball, location: 2F 2-2: Foul Ball, location: 2F 2-2: Fly out, F7 (Flyball, 7S)
|
Batting: SHB Manuel Hegnauer
|
0-0: Ball 1-0: SINGLE (Flyball, 78S)
|
Batting: LHB Fernando Ortíz
|
0-0: Ball 1-0: Fly out, F6 (Popup, 6M)
|
Batting: RHB Jesse McKnight
|
0-0: Called Strike 0-1: Ball 1-1: Swinging Strike 1-2: Ball 2-2: Fly out, F4 (Line Drive, 4D)
|
Top of the 1st over - 0 runs, 1 hit, 0 errors, 1 left on base; Albuquerque 0 - District 9 0 |
BOTTOM OF THE 1ST |
District 9 Prawns batting - Pitching for Albuquerque Isotopes : RHP Mario López
|
Pitching: RHP Mario López
|
|
Batting: SHB Júlio Macías
|
0-0: Ball 1-0: Called Strike 1-1: Foul Ball, location: 2F 1-2: Strikes out swinging
|
Batting: RHB José Colón
|
0-0: Ball 1-0: Ball 2-0: Called Strike 2-1: Ground out 1-3 (Groundball, 15S)
|
Batting: LHB Terry Simpson
|
0-0: SINGLE (Line Drive, 34D)
|
Batting: LHB Manuel Cardenas
|
0-0: Swinging Strike 0-1: Called Strike 0-2: Strikes out swinging
|
Bottom of the 1st over - 0 runs, 1 hit, 0 errors, 1 left on base; Albuquerque 0 - District 9 0 |
TOP OF THE 2ND |
Albuquerque Isotopes batting - Pitching for District 9 Prawns : RHP Isaac Pope
|
Batting: LHB José González
|
0-0: Ball 1-0: Called Strike 1-1: Ball 2-1: Ball 3-1: Base on Balls
|
Batting: LHB Héctor Soto
|
0-0: Called Strike 0-1: Foul Ball, location: 2F 0-2: Ball 1-2: Foul Ball, location: 2F 1-2: Grounds into double play, 4-6-3 (Groundball, 34)
|
Batting: RHB Luis Ortega
|
0-0: Ball 1-0: Ball 2-0: Called Strike 2-1: Called Strike 2-2: Foul Ball, location: 2F 2-2: Foul Ball, location: 2F 2-2: Foul Ball, location: 2F 2-2: Ball 3-2: Hit by Pitch
|
Batting: SHB Thomas Simmons
|
0-0: Fielders Choice at 2nd, 6-4 (Groundball, 6)
|
Top of the 2nd over - 0 runs, 0 hits, 0 errors, 1 left on base; Albuquerque 0 - District 9 0 |
BOTTOM OF THE 2ND |
District 9 Prawns batting - Pitching for Albuquerque Isotopes : RHP Mario López
|
Batting: LHB Jeff Doss
|
0-0: Called Strike 0-1: Ball 1-1: Swinging Strike 1-2: Strikes out swinging
|
Batting: LHB António Romo
|
0-0: Ball 1-0: Foul Ball, location: 2F 1-1: Fly out, F8 (Flyball, 8RD)
|
Batting: RHB Doug O'Brien
|
0-0: Foul Ball, location: 2F 0-1: Ball 1-1: Foul Ball, location: 2F 1-2: Ball 2-2: Ball 3-2: SINGLE (Groundball, 6D)
|
Batting: RHB Alfredo Rangel
|
0-0: Foul Ball, location: 2F 0-1: SINGLE (Line Drive, 78S) Doug O'Brien to second
|
Batting: LHB Culley Vaughan
|
0-0: Ball 1-0: Called Strike 1-1: Fly out, F8 (Flyball, 78D)
|
Bottom of the 2nd over - 0 runs, 2 hits, 0 errors, 2 left on base; Albuquerque 0 - District 9 0 |
TOP OF THE 3RD |
Albuquerque Isotopes batting - Pitching for District 9 Prawns : RHP Isaac Pope
|
Batting: LHB Phil Neal
|
0-0: Ball 1-0: SINGLE (Groundball, 6S) (infield hit)
|
Batting: LHB Wally Harris
|
0-0: Ball 1-0: Foul Ball, location: 2F 1-1: Swinging Strike 1-2: Strikes out swinging
|
Batting: SHB Manuel Hegnauer
|
0-0: Ball 1-0: Called Strike 1-1: Fly out, F9 (Flyball, 9LM)
|
Batting: LHB Fernando Ortíz
|
0-0: Swinging Strike 0-1: Swinging Strike 0-2: Ball 1-2: Strikes out swinging
|
Top of the 3rd over - 0 runs, 1 hit, 0 errors, 1 left on base; Albuquerque 0 - District 9 0 |
BOTTOM OF THE 3RD |
District 9 Prawns batting - Pitching for Albuquerque Isotopes : RHP Mario López
|
Batting: SHB Júlio Macías
|
0-0: Called Strike 0-1: Ground out 6-3 (Groundball, 6)
|
Batting: RHB José Colón
|
0-0: DOUBLE (Line Drive, 8LD)
|
Batting: LHB Terry Simpson
|
0-0: Swinging Strike 0-1: Ball 1-1: Ground out 4-3 (Groundball, 4D) José Colón to third
|
Batting: LHB Manuel Cardenas
|
0-0: Called Strike 0-1: Foul Ball, location: 2F 0-2: Ball 1-2: Ball 2-2: Ball 3-2: Reached on error, E6 (Groundball, 6M) José Colón scores
|
Batting: LHB Jeff Doss
|
0-0: Ball 1-0: Called Strike 1-1: 2-RUN HOME RUN (Flyball, 9LD), Distance : 383 ft
|
Batting: LHB António Romo
|
0-0: Swinging Strike 0-1: Foul Ball, location: 2F 0-2: Ball 1-2: Strikes out swinging
|
Bottom of the 3rd over - 3 runs, 2 hits, 1 error, 0 left on base; Albuquerque 0 - District 9 3 |
TOP OF THE 4TH |
Albuquerque Isotopes batting - Pitching for District 9 Prawns : RHP Isaac Pope
|
Batting: RHB Jesse McKnight
|
0-0: Ball 1-0: Foul Ball, location: 2F 1-1: Swinging Strike 1-2: Foul Ball, location: 2F 1-2: Strikes out swinging
|
Batting: LHB José González
|
0-0: Foul Ball, location: 2F 0-1: Ball 1-1: Ball 2-1: SINGLE (Groundball, 6) (infield hit)
|
Batting: LHB Héctor Soto
|
0-0: Ball 1-0: Called Strike 1-1: Ball 2-1: Foul Ball, location: 2F 2-2: Ball 3-2: Base on Balls José González to second
|
Batting: RHB Luis Ortega
|
0-0: Swinging Strike 0-1: Ball 1-1: Swinging Strike 1-2: Ball 2-2: Ball 3-2: Strikes out swinging
|
Batting: SHB Thomas Simmons
|
0-0: Called Strike 0-1: Ball 1-1: Called Strike 1-2: Ball Wild Pitch! José González to third Héctor Soto to second 2-2: Foul Ball, location: 2F 2-2: SINGLE (Line Drive, 6MD) José González scores Héctor Soto to third Runner from 3rd tries for Home, SAFE, no throw
|
Batting: LHB Phil Neal
|
0-0: Called Strike 0-1: Ball Thomas Simmons is caught stealing 2nd base
|
Top of the 4th over - 2 runs, 2 hits, 0 errors, 0 left on base; Albuquerque 2 - District 9 3 |
BOTTOM OF THE 4TH |
District 9 Prawns batting - Pitching for Albuquerque Isotopes : RHP Mario López
|
Batting: RHB Doug O'Brien
|
0-0: Called Strike 0-1: Foul Ball, location: 2F 0-2: Strikes out swinging
|
Batting: RHB Alfredo Rangel
|
0-0: Ball 1-0: Ball 2-0: Ball 3-0: Called Strike 3-1: Swinging Strike 3-2: Base on Balls
|
Batting: LHB Culley Vaughan
|
0-0: Ball 1-0: Called Strike 1-1: Ball 2-1: SINGLE (Groundball, 56D) Alfredo Rangel to second
|
Batting: SHB Júlio Macías
|
0-0: Foul Ball, location: 2F 0-1: Called Strike 0-2: Ball 1-2: Strikes out swinging
|
Batting: RHB José Colón
|
0-0: Called Strike 0-1: SINGLE (Groundball, 6MD) Alfredo Rangel to third Culley Vaughan to second Runner from 3rd tries for Home, SAFE, no throw
|
Batting: LHB Terry Simpson
|
0-0: Called Strike 0-1: Fly out, F5 (Popup, 5SF)
|
Bottom of the 4th over - 1 run, 2 hits, 0 errors, 2 left on base; Albuquerque 2 - District 9 4 |
TOP OF THE 5TH |
Albuquerque Isotopes batting - Pitching for District 9 Prawns : RHP Isaac Pope
|
Batting: LHB Phil Neal
|
0-0: Ball 1-0: Foul Ball, location: 2F 1-1: Ball 2-1: Ball 3-1: Foul Ball, location: 2F 3-2: Foul Ball, location: 2F 3-2: Base on Balls
|
Batting: LHB Wally Harris
|
0-0: Swinging Strike 0-1: Ball 1-1: Foul Ball, location: 2F 1-2: Fly out, F5 (Popup, 25F)
|
Batting: SHB Manuel Hegnauer
|
0-0: Called Strike 0-1: Ball 1-1: SINGLE (Groundball, 4D) Phil Neal to second
|
Batting: LHB Fernando Ortíz
|
0-0: Ball Phil Neal steals 3rd base Manuel Hegnauer to second 1-0: Foul Ball, location: 2F 1-1: Called Strike 1-2: Foul Ball, location: 2F 1-2: Foul Ball, location: 2F 1-2: Foul Ball, location: 2F 1-2: Ball 2-2: Foul Ball, location: 2F 2-2: Fly out, F4 (Line Drive, 4) Lined into DP, 4-6 (Line Drive, 4)
|
Top of the 5th over - 0 runs, 1 hit, 0 errors, 1 left on base; Albuquerque 2 - District 9 4 |
BOTTOM OF THE 5TH |
District 9 Prawns batting - Pitching for Albuquerque Isotopes : RHP Mario López
|
Batting: LHB Manuel Cardenas
|
0-0: Ball 1-0: Fly out, F9 (Flyball, 89M)
|
Batting: LHB Jeff Doss
|
0-0: Ball 1-0: Called Strike 1-1: Foul Ball, location: 2F 1-2: Ball 2-2: DOUBLE (Flyball, 78XD)
|
Batting: LHB António Romo
|
0-0: Foul Ball, location: 2F 0-1: Ball 1-1: Ball 2-1: Ball 3-1: Swinging Strike 3-2: Strikes out looking
|
Batting: RHB Doug O'Brien
|
0-0: Ball 1-0: Called Strike 1-1: Called Strike 1-2: Ball 2-2: Strikes out looking
|
Bottom of the 5th over - 0 runs, 1 hit, 0 errors, 1 left on base; Albuquerque 2 - District 9 4 |
TOP OF THE 6TH |
Albuquerque Isotopes batting - Pitching for District 9 Prawns : RHP Isaac Pope
|
Pitching: RHP Julián Romero
|
|
Batting: RHB Jesse McKnight
|
0-0: Ball 1-0: Fly out, F9 (Flyball, 89M)
|
Batting: LHB José González
|
0-0: Called Strike 0-1: Foul Ball, location: 2F 0-2: Strikes out looking
|
Batting: LHB Héctor Soto
|
0-0: Ball 1-0: Ball 2-0: Ball 3-0: Base on Balls
|
Batting: RHB Luis Ortega
|
0-0: Swinging Strike 0-1: Ball 1-1: Swinging Strike 1-2: Ball 2-2: Strikes out looking
|
Top of the 6th over - 0 runs, 0 hits, 0 errors, 1 left on base; Albuquerque 2 - District 9 4 |
BOTTOM OF THE 6TH |
District 9 Prawns batting - Pitching for Albuquerque Isotopes : RHP Mario López
|
Batting: RHB Alfredo Rangel
|
0-0: Fly out, F4 (Popup, 34S)
|
Batting: LHB Culley Vaughan
|
0-0: Fly out, F9 (Flyball, 9)
|
Batting: SHB Júlio Macías
|
0-0: Ball 1-0: SINGLE (Flyball, 9LS)
|
Batting: RHB José Colón
|
0-0: Fielders Choice at 2nd, 6-4 (Groundball, 56)
|
Bottom of the 6th over - 0 runs, 1 hit, 0 errors, 1 left on base; Albuquerque 2 - District 9 4 |
TOP OF THE 7TH |
Albuquerque Isotopes batting - Pitching for District 9 Prawns : RHP Julián Romero
|
Batting: SHB Thomas Simmons
|
0-0: Fly out, F5 (Popup, 25F)
|
Batting: LHB Phil Neal
|
0-0: Ball 1-0: Foul Ball, location: 2F 1-1: Foul Ball, location: 2F 1-2: Ball 2-2: Ball 3-2: Base on Balls
|
Batting: LHB Wally Harris
|
0-0: Ball 1-0: Foul Ball, location: 2F 1-1: Ball 2-1: Fly out, F7 (Flyball, 78D)
|
Batting: SHB Manuel Hegnauer
|
0-0: Ball 1-0: Called Strike 1-1: Ball 2-1: Swinging Strike 2-2: Foul Ball, location: 2F 2-2: Ground out 5-3 (Groundball, 5S)
|
Top of the 7th over - 0 runs, 0 hits, 0 errors, 1 left on base; Albuquerque 2 - District 9 4 |
BOTTOM OF THE 7TH |
District 9 Prawns batting - Pitching for Albuquerque Isotopes : RHP Mario López
|
Batting: LHB Terry Simpson
|
0-0: Called Strike 0-1: Called Strike 0-2: Ground out 1-3 (Groundball, 13S)
|
Batting: LHB Manuel Cardenas
|
0-0: Ball 1-0: Ball 2-0: Ball 3-0: Base on Balls
|
Batting: LHB Jeff Doss
|
0-0: Ball 1-0: Ground out 4-3 (Groundball, 4S) Manuel Cardenas to second
|
Batting: LHB António Romo
|
0-0: Ball 1-0: Ball 2-0: Swinging Strike 2-1: Ball 3-1: Base on Balls
|
Batting: RHB Doug O'Brien
|
0-0: Called Strike 0-1: Called Strike 0-2: Strikes out swinging
|
Bottom of the 7th over - 0 runs, 0 hits, 0 errors, 2 left on base; Albuquerque 2 - District 9 4 |
TOP OF THE 8TH |
Albuquerque Isotopes batting - Pitching for District 9 Prawns : RHP Julián Romero
|
Batting: LHB Fernando Ortíz
|
0-0: Ball 1-0: Foul Ball, location: 2F 1-1: Called Strike 1-2: Ball 2-2: Strikes out swinging
|
Batting: RHB Jesse McKnight
|
0-0: Ball 1-0: Called Strike 1-1: Foul Ball, location: 2F 1-2: Ball 2-2: SOLO HOME RUN (Flyball, 7LD), Distance : 361 ft
|
Batting: LHB José González
|
0-0: Called Strike 0-1: Ball 1-1: Called Strike 1-2: Ball 2-2: Foul Ball, location: 2F 2-2: Ball 3-2: Ground out 4-3 (Groundball, 4)
|
Batting: LHB Héctor Soto
|
0-0: Ball 1-0: Swinging Strike 1-1: SINGLE (Groundball, 6MD)
|
Pitching: RHP Fernando Mendoza
|
|
Pinch Runner at 1st Matt Tucker:
|
|
Pinch Hitting: LHB Denny Poole
|
0-0: Called Strike 0-1: Ball 1-1: Ball 2-1: Swinging Strike 2-2: Ball 3-2: Strikes out swinging
|
Top of the 8th over - 1 run, 2 hits, 0 errors, 1 left on base; Albuquerque 3 - District 9 4 |
BOTTOM OF THE 8TH |
District 9 Prawns batting - Pitching for Albuquerque Isotopes : RHP Mario López
|
Pitching: RHP António Córdova
|
|
Now at 3B: Will Stafford
|
|
Now in CF: Matt Tucker
|
|
Batting: RHB Alfredo Rangel
|
0-0: Swinging Strike 0-1: Ball 1-1: Foul Ball, location: 2F 1-2: Ball 2-2: Ball 3-2: Fly out, F9 (Flyball, 9LM)
|
Batting: LHB Culley Vaughan
|
0-0: Called Strike 0-1: Called Strike 0-2: Ground out 6-3 (Groundball, 6)
|
Batting: SHB Júlio Macías
|
0-0: Foul Ball, location: 2F 0-1: Ball 1-1: Ground out 6-3 (Groundball, 6M)
|
Bottom of the 8th over - 0 runs, 0 hits, 0 errors, 0 left on base; Albuquerque 3 - District 9 4 |
TOP OF THE 9TH |
Albuquerque Isotopes batting - Pitching for District 9 Prawns : RHP Fernando Mendoza
|
Pitching: RHP Mike Stabler
|
|
Now in LF: Donnie Cunningham
|
|
Batting: SHB Thomas Simmons
|
0-0: Foul Ball, location: 2F 0-1: Ball 1-1: Foul Ball, location: 2F 1-2: SINGLE (Line Drive, 7S)
|
Batting: LHB Phil Neal
|
0-0: Ball 1-0: Foul Ball, location: 2F 1-1: Foul Ball, location: 2F 1-2: Foul Ball, location: 2F 1-2: Ball 2-2: Strikes out swinging
|
Batting: LHB Wally Harris
|
0-0: Ball 1-0: Swinging Strike 1-1: Called Strike 1-2: Foul Ball, location: 2F 1-2: Strikes out swinging
|
Batting: SHB Manuel Hegnauer
|
0-0: Foul Ball, location: 2F 0-1: Ball 1-1: Ball 2-1: Foul Ball, location: 2F 2-2: Strikes out swinging
|
Top of the 9th over - 0 runs, 1 hit, 0 errors, 1 left on base; Albuquerque 3 - District 9 4 |
|